 Dungeon Crawl Stone Soup version 0.29-a0-885-gb26ba3297d (webtiles) character file.

Game seed: 6953033168448652172

1269 dolemite99 the Ruffian (level 8, -4/74 HPs)
             Began as a Troll Fighter on July 21, 2022.
             Was an Initiate of Gozag.
             Killed from afar by a steam dragon (19 damage)
             ... with a ball of steam
             ... on level 6 of the Dungeon.
             The game lasted 00:06:22 (4560 turns).

dolemite99 the Ruffian (Troll Fighter)              Turns: 4560, Time: 00:06:23

Health: -4/74      AC:  4    Str: 25    XL:     8   Next: 28%
Magic:  7/7        EV:  9    Int: 10    God:    Gozag
Gold:   202        SH:  9    Dex: 11    Spells: 7/7 levels left

rFire   . . .      SeeInvis .     - Unarmed
rCold   . . .      Faith    .   b - +0 kite shield
rNeg    . . .      Spirit   .   a - +0 robe
rPois   .          Reflect  .   (helmet restricted)
rElec   .          Harm     .   (no cloak)
rCorr   .          Rampage  .   (gloves unavailable)
Will    .....                   (boots unavailable)
Stlth   +.........              r - amulet of regeneration
HPRegen 1.82/turn               w - ring of flight
MPRegen 0.10/turn               d - +6 ring of intelligence

@: gold aura, flying, hasted, very quick
A: large, unfitting armour, claws 3, regeneration 1, shaggy fur 1, tough skin 1
a: Renounce Religion, Potion Petition, Call Merchant, Bribe Branch


You were on level 6 of the Dungeon.
You worshipped Gozag.
Gozag was aware of your devotion.
You visited 2 branches of the dungeon, and saw 7 of its levels.

You collected 539 gold pieces.
You spent 260 gold pieces at shops.
You paid 77 gold pieces to Gozag.

Inventory:

Missiles
 k - 4 boomerangs (quivered)
 s - 5 throwing nets
 u - 33 poisoned darts
Armour
 a - a +0 robe (worn)
 b - a +0 kite shield (worn)
 h - a scarf of harm
Jewellery
 c - an amulet of faith
 d - a +6 ring of intelligence (right claw)
 r - an amulet of regeneration (around neck)
 w - a ring of flight (left claw)
 z - a +4 ring of evasion
Wands
 E - a wand of polymorph (3)
 I - a wand of roots (2)
Scrolls
 f - a scroll of amnesia
 g - 3 scrolls of butterflies
 i - 4 scrolls of teleportation
 j - a scroll of summoning {unknown}
 t - 2 scrolls of magic mapping
 y - 3 scrolls of enchant armour
 C - 2 scrolls of blinking
 D - 2 scrolls of poison
 F - a scroll of identify {@r1}
 G - a scroll of enchant weapon {unknown}
 H - 2 scrolls of fear
 J - a scroll of torment
Potions
 e - 2 potions of degeneration {unknown}
 l - a potion of brilliance {unknown}
 m - a potion of berserk rage {unknown}
 n - 5 potions of curing {unknown}
 o - 2 potions of magic {unknown}
 p - a potion of invisibility {unknown}
 q - 2 potions of flight {unknown}
 v - a potion of heal wounds {unknown}
 x - 2 potions of haste
 A - a potion of cancellation {unknown}
 B - a potion of mutation {unknown}


   Skills:
 - Level 2.4 Fighting
 - Level 2.4 Dodging
 + Level 7.0 Shields
 + Level 7.3 Unarmed Combat


You had 7 spell levels left.
You didn't know any spells.
Your spell library contained the following spells:

 Spells                   Type           Power      Damage    Failure   Level
 Blink                    Tloc           0%         N/A       75%         2
 Gell's Gravitas          Tloc           0%         N/A       93%         3
 Lesser Beckoning         Tloc           0%         N/A       93%         3
 Teleport Other           Tloc           0%         N/A       93%         3
 Alistair's Intoxication  Tmut/Pois      0%         N/A       100%        5
 Borgnjor's Vile Clutch   Necr/Erth      0%         N/A       100%        5
 Manifold Assault         Tloc           0%         N/A       100%        5
 Dispersal                Tloc           0%         N/A       100%        6
 Eringya's Noxious Bog    Tmut/Pois      0%         N/A       100%        6


Dungeon Overview and Level Annotations

Branches:
Dungeon (6/15)             Temple (1/1) D:5

Altars:
Ashenzari
Cheibriados
Dithmenos
Elyvilon
Fedhas
Gozag
Kikubaaqudgha
Makhleb
Okawaru
Ru
Sif Muna
Trog
Uskayaw
Wu Jian
Xom
Yredelemnul
The Shining One

Shops:
D:4 (   D:6 ?


Innate Abilities, Weirdness & Mutations

You are too large for most types of armour.
You have claws for hands.
Your natural rate of healing is unusually fast.
You are covered in fur. (AC +1)
You have tough skin. (AC +1)


Message History

The boomerang barely misses the steam dragon.
The boomerang misses the water moccasin.
You are engulfed in a cloud of scalding steam.
You are engulfed in a cloud of scalding steam.
There is an open door here.
You mangle the steam dragon!!
The steam dragon is severely wounded.
The steam dragon is distracted by your dazzling golden aura.
You closely miss the steam dragon.
The steam dragon is no longer distracted by gold.
The steam dragon hisses angrily.
The steam dragon is severely wounded.
The steam dragon breathes steam at you. The ball of steam hits you!
The steam dragon bites you!
The steam dragon claws you but does no damage.
You scratch the steam dragon.
The steam dragon is severely wounded.
The steam dragon bites you!
* * * LOW HITPOINT WARNING * * *
The steam dragon claws you but does no damage.
It was a potion of haste.
You feel yourself speed up. The steam dragon bites you.
* * * LOW HITPOINT WARNING * * *
The steam dragon claws you.
* * * LOW HITPOINT WARNING * * *
You block the steam dragon's attack. The steam dragon claws you.
* * * LOW HITPOINT WARNING * * *
Aiming: Fastroot
Press: ? - help, Shift-Dir - straight line, f/p - steam dragon
Aim: a steam dragon (severely wounded)
The roots erupt in riotous growth!
Roots grab the steam dragon.
Roots grab the water moccasin.
The grasping roots constrict the steam dragon.
The grasping roots constrict the water moccasin.
You hear an angry hiss.
You hear a shout!
The steam dragon breathes steam at you. The ball of steam hits you!!
You die...
Your body crumbles into a pile of gold.

##########.###.#..## #..
............####''## #..
#######.###.###....## #.. # #.#
#>##......## ##. #
#.###.#..#..#..# #.
#######.....#..(##...###########.
##.......####...##...#.....<.....
##.####### #..#..#..############
.#.## ##..@...## # ....# $
##.§..## ..# ....# $
####D####..$.. #...# $
+§..S.§S..#.#. # ##..# $
########.$.#)$ #...# $ .#.#. ###
.#.## $.$. ##.. .### ... #..# .#
$$ #+ #...


You could see a steam dragon (catching breath, rooted) and a water moccasin
(rooted).

Vanquished Creatures
  A water moccasin (D:5)
  An orc warrior (D:6)
  3 black bears
  An ice beast (D:6)
  A phantom (D:5)
  A kobold brigand (D:6)
  2 necrophages
  2 scorpions
  A gnoll bouda (D:5)
  A hound (D:5)
  A jelly (D:5)
  An iguana (D:5)
  An orc wizard (D:6)
  4 adders
  6 gnolls
  3 worms
  A dart slug (D:3)
  12 orcs
  7 bats
  4 endoplasms
  4 giant cockroaches
  7 goblins
  3 hobgoblins (D:1)
  4 quokkas
  5 ball pythons (D:1)
  2 frilled lizards
  13 kobolds
  6 rats
98 creatures vanquished.

Notes
Turn   | Place    | Note
-------+----------+-------------------------------------------
     0 | D:1      | dolemite99 the Troll Fighter began the quest for the Orb.
     0 | D:1      | Reached XP level 1. HP: 22/22 MP: 0/0
   138 | D:1      | Reached XP level 2. HP: 29/29 MP: 1/1
   463 | D:1      | Found a faded altar of an unknown god.
   535 | D:1      | Reached XP level 3. HP: 36/36 MP: 2/2
  1535 | D:3      | Noticed a necrophage
  1544 | D:3      | Killed a necrophage
  1545 | D:3      | Reached XP level 4. HP: 33/44 MP: 3/3
  1775 | D:3      | Reached XP level 5. HP: 44/50 MP: 4/4
  1997 | D:3      | Found a hide-covered altar of Uskayaw.
  1998 | D:3      | Noticed a +0 dagger
  1999 | D:3      | Noticed a +0 hand axe
  2133 | D:3      | Identified the +0 pair of gloves "Vipheylo" {rF+ Str+2}
  2576 | D:4      | Found Iruivep's Weapon Shop.
  3069 | D:5      | Entered Level 5 of the Dungeon
  3081 | D:5      | Noticed a black bear
  3230 | D:5      | Noticed a phantom
  3247 | D:5      | Killed a phantom
  3248 | D:5      | Reached XP level 6. HP: 49/59 MP: 5/5
  3263 | D:5      | Reached skill level 5 in Shields
  3263 | D:5      | Reached skill level 5 in Unarmed Combat
  3287 | D:5      | Noticed a water moccasin
  3299 | D:5      | Killed a water moccasin
  3347 | D:5      | Reached XP level 7. HP: 55/66 MP: 6/6
  3474 | D:5      | Found a staircase to the Ecumenical Temple.
  3541 | Temple   | Entered the Ecumenical Temple
  3598 | Temple   | Became a worshipper of Gozag Ym Sagoz the Greedy
  3855 | D:5      | Found a sacrificial altar of Ru.
  4189 | D:6      | Found Acuihoec's Magic Scroll Emporium.
  4311 | D:6      | Bought a scroll of enchant armour for 75 gold pieces
  4311 | D:6      | Bought a scroll of enchant armour for 75 gold pieces
  4311 | D:6      | Bought a scroll of teleportation for 30 gold pieces
  4311 | D:6      | Bought 2 scrolls of fear for 80 gold pieces
  4486 | D:6      | Reached XP level 8. HP: 74/74 MP: 7/7
  4560 | D:6      | Killed from afar by a steam dragon

Illustrated notes

Levels and vault maps discovered:
D:1:      dpeg_arrival_signposts, layout_loops_ring, serial_glass,
          glass_columns_a, glass_columns_c, glass_columns_b, glass_columns_b,
          glass_columns_c, glass_columns_a, glass_columns_b, glass_columns_a,
          shapermc_ecumenical_altar_pompeii
D:2:      layout_loops_cross
D:3:      minmay_octagon_keep, layout_basic, dancing_weapons_uskayaw,
          serial_rivers, chequers_serial_rivers_marsh,
          chequers_serial_rivers_micro_a, chequers_serial_rivers_micro_d,
          chequers_serial_rivers_room_a, chequers_serial_rivers_marsh,
          chequers_serial_rivers_small_3
D:4:      layout_basic, serial_shops, shop_fountains
D:5:      layout_cave_pools, mainiacjoe_overflow_tiny_flanked,
          minmay_temple_entry_nine_rooms, due_unseen_surprise
D:6:      minmay_polygon_palace, layout_loops_ring, serial_shops, shop,
          chequers_avenue, nrook_loot_triangle
Temple:   eino_wide_crystal_templ

Skill      XL: |  1  2  3  4  5  6  7  8 |
---------------+-------------------------+-----
Shields        | 3 4 5 6 7 |  7.0
Unarmed Combat | 3 4 5 7 |  7.3
Fighting       | |  2.4
Dodging        | |  2.4

Action                   |  1- 3 |  4- 6 |  7- 9 || total
-------------------------+-------+-------+-------++-------
Melee: Unarmed           |    89 |    67 |    93 ||   249
Throw: Boomerang         |    14 |    28 |    20 ||    62
Evoke: Wand              |       |       |     1 ||     1
  Use: Potion            |     1 |       |     1 ||     2
       Scroll            |       |     4 |     5 ||     9
 Stab: Sleeping          |     1 |       |       ||     1
Armor: Robe              |    39 |    16 |    20 ||    75
Dodge: Dodged            |    37 |    26 |    36 ||    99
Block: Kite shield       |    40 |    19 |    35 ||    94

Table legend: (Time is in decaauts)
 A = Elapsed time spent in this place.
 B = Non-inter-level travel time spent in this place.
 C = Inter-level travel time spent in this place.
 D = Time resting spent in this place.
 E = Time spent auto-exploring this place.
 F = Levels seen in this place.
 G = Mean time per level.
                   A        B        C        D        E       F      G
               +--------+--------+--------+--------+--------+-----+--------+
         Total |   4610 |   4422 |    188 |    411 |   2931 |   7 |  658.6 |
       Dungeon |   4543 |   4377 |    166 |    411 |   2904 |   6 |  757.2 |
        Temple |     66 |     44 |     22 |      0 |     27 |   1 |   66.0 |
               +--------+--------+--------+--------+--------+-----+--------+

Top non-repeatable levels by time:
     D:3: 1024 daAuts
     D:5: 841 daAuts
     D:1: 828 daAuts
     D:4: 750 daAuts
     D:6: 566 daAuts
     D:2: 532 daAuts
  Temple: 66 daAuts
